 Dungeon Sprint DCSS version 0.23.2-40-g277498a001 (webtiles) character file.

Game seed: 3773652780599089664

25 Nivan the Skirmisher (level 2, -3/29 HPs)
             Began as a Minotaur Fighter on Sept 26, 2019.
             Slain by a yak (15 damage)
             ... in the Dungeon (Sprint I: "Red Sonja").
             The game lasted 00:00:42 (31 turns).

Nivan the Skirmisher (Minotaur Fighter)               Turns: 31, Time: 00:00:43

Health: -3/29      AC:  7    Str: 20    XL:     2   Next: 82%
Magic:  1/1        EV:  7    Int:  5    God:
Gold:   0          SH:  9    Dex:  9    Spells: 1/1 levels left

rFire    . . .     SeeInvis .   a - +0 war axe
rCold    . . .     Gourm    .   c - +0 shield
rNeg     . . .     Faith    .   b - +0 scale mail
rPois    .         Spirit   .   (helmet restricted)
rElec    .         Reflect  .   (no cloak)
rCorr    .         Harm     .   (no gloves)
MR       .....     NoTele   +   (no boots)
Stlth    ..........             (no amulet)
HPRegen  0.09/turn              (no ring)
MPRegen  0.07/turn              (no ring)

@: no status effects
A: retaliatory headbutt, horns 2
a: no special abilities


You were in the Dungeon.
You were not hungry.

You visited 1 branch

Inventory:

Hand Weapons
 a - a +0 war axe (weapon)
Armour
 b - a +0 scale mail (worn)
 c - a +0 shield (worn)
Wands
 l - a wand of digging (5)
Scrolls
 k - a scroll of blinking
Potions
 d - a potion of might
 e - a potion of curing
 g - a potion of heal wounds
 h - a potion of haste
 i - 2 potions of magic
 j - a potion of berserk rage
 m - a potion of lignification {unknown}
Comestibles
 f - a ration


   Skills:
 + Level 5.3 Fighting
 + Level 3.1 Axes
 + Level 5.1 Armour
 + Level 5.2 Shields


You had one spell level left.
You didn't know any spells.
Your spell library was empty.

Dungeon Overview and Level Annotations

Branches:
Dungeon (1/1)

Altars:
Cheibriados
Dithmenos
Elyvilon
Fedhas
Gozag
Hepliaklqana
Kikubaaqudgha
Nemelex Xobeh
Okawaru
Qazlal
Ru
Trog
Uskayaw
Yredelemnul
Zin
The Shining One

Shops:
D }


Innate Abilities, Weirdness & Mutations

You reflexively headbutt those who attack you in melee.
You have a pair of horns on your head.


Message History

Found five altars.
There is a white marble altar of Elyvilon here.
The yak gores you.
There is a glowing silver altar of Zin here.
Your shield prevents you from hitting the yak.
The yak gores you. The yak gores you but does no damage.
You hit the yak. You headbutt the yak!
The yak is moderately wounded.
The yak gores you but does no damage.
You hit the yak. You headbutt the yak.
The yak is heavily wounded.
You block the yak's attack.
You hit the yak but do no damage.
The yak is heavily wounded.
The yak gores you. The yak gores you but does no damage.
You slash the yak! Your headbutt misses the yak.
The yak is almost dead.
The yak gores you!
Ouch! That really hurt!
You die...

#######
#<....+
#..').#
#..#### +#
#..####$$#
#..._@Y..#
#..#_____#
#⌠⌠#_.∩...+
####_..__##
#_____#
#######


You could see a yak.

Vanquished Creatures
  Ijyb (D)
1 creature vanquished.

Notes
Turn   | Place    | Note
-------+----------+-------------------------------------------
     0 | D        | Nivan the Minotaur Fighter began the quest for the Orb.
     0 | D        | Reached XP level 1. HP: 19/19 MP: 0/0
     2 | D        | Noticed Ijyb
    15 | D        | Killed Ijyb
    15 | D        | Reached skill level 5 in Fighting
    15 | D        | Reached skill level 5 in Armour
    15 | D        | Reached skill level 5 in Shields
    15 | D        | Reached XP level 2. HP: 21/29 MP: 1/1
    23 | D        | Noticed a yak
    23 | D        | Found a white marble altar of Elyvilon.
    23 | D        | Found a glowing silver altar of Zin.
    23 | D        | Found a glowing golden altar of the Shining One.
    23 | D        | Found an iron altar of Okawaru.
    23 | D        | Found a bloodstained altar of Trog.
    23 | D        | Found a blossoming altar of Fedhas.
    23 | D        | Found a stormy altar of Qazlal.
    23 | D        | Found Jitan's Gadget Emporium.
    23 | D        | Found a hide-covered altar of Uskayaw.
    23 | D        | Found a hazy altar of Hepliaklqana.
    23 | D        | Found an opulent altar of Gozag.
    23 | D        | Found a sparkling altar of Nemelex Xobeh.
    24 | D        | Found an ancient bone altar of Kikubaaqudgha.
    24 | D        | Found a basalt altar of Yredelemnul.
    24 | D        | Found a shadowy altar of Dithmenos.
    24 | D        | Found a sacrificial altar of Ru.
    24 | D        | Found a snail-covered altar of Cheibriados.
    31 | D        | Slain by a yak

Skill      XL: |  1 |
---------------+----+-----
Fighting       | 5 |  5.3
Axes           | 3 |  3.1
Armour         | 5 |  5.1
Shields        | 5 |  5.2

Action                   || total
-------------------------++-------
Melee: War axe           ||    16
       Headbutt          ||     3
Evoke: Wand              ||     1
Armor: Scale mail        ||     7
Dodge: Dodged            ||     3
Block: Shield            ||     5
